 Dungeon Crawl Stone Soup version 0.27-a0-972-gd1521fd518 (webtiles) character file.

Game seed: 2617262564382291943

78337 Froggeryz the Brawler (level 14, -7/135 HPs)
             Began as a Demigod Transmuter on Apr 14, 2021.
             Killed by vampiric draining
             ... invoked by a vampire knight
              (23 damage)
             ... on level 13 of the Dungeon.
             The game lasted 00:58:43 (42662 turns).

Froggeryz the Brawler (Demigod Transmuter)         Turns: 42662, Time: 00:58:44

Health: -7/135     AC:  7    Str: 19    XL:     14   Next: 77%
Magic:  25/27      EV: 15    Int: 19    God:
Gold:   2191       SH:  0    Dex: 18    Spells: 15/25 levels left

rFire    x . .     SeeInvis .     - Unarmed
rCold    + + +     Faith    .   (shield currently unavailable)
rNeg     . . .     Spirit   .   (armour currently unavailable)
rPois    +         Reflect  .   (helmet currently unavailable)
rElec    .         Harm     .   (cloak currently unavailable)
rCorr    .         Rampage  .   (gloves currently unavailable)
Will     ++...                  (boots currently unavailable)
Stlth    +++.......             w - amulet of magic regeneration
HPRegen  0.32/turn              v - ring of willpower
MPRegen  0.45/turn              T - +4 ring of slaying

@: ice-form
A: freezing attack, amphibious, boosted hp, large, high mp 1, forlorn
a: End Transformation


You were on level 13 of the Dungeon.
You were a creature of crystalline ice.
You visited 3 branches of the dungeon, and saw 21 of its levels.
You also visited: Ossuary and Bailey.

You collected 2295 gold pieces.
You spent 104 gold pieces at shops.

Inventory:

Hand Weapons
 d - a +0 hunting sling
Missiles
 e - 205 stones
 E - a throwing net
 P - 11 curare-tipped darts
Armour
 l - a +1 kite shield
 D - a +0 buckler of protection (melded)
 G - a +2 robe of fire resistance (melded)
 K - a +2 robe of cold resistance
 S - a +0 helmet (melded)
 W - a +0 cloak of preservation (melded)
Jewellery
 v - a ring of willpower (left front paw)
 w - an amulet of magic regeneration (around neck)
 J - a ring of ice
 L - a +4 ring of evasion
 T - a +4 ring of slaying (right front paw)
Wands
 i - a wand of flame (82)
 n - a wand of digging (7)
 B - a wand of charming (10)
 C - a wand of acid (18)
 I - a wand of iceblast (41)
 O - a wand of paralysis (5)
 Q - a wand of mindburst (17)
Scrolls
 c - a scroll of identify
 h - 2 scrolls of immolation
 j - 2 scrolls of enchant armour
 k - 4 scrolls of vulnerability
 p - a scroll of silence
 t - 4 scrolls of magic mapping
 y - 5 scrolls of amnesia
 A - 9 scrolls of teleportation
 H - 3 scrolls of noise
 M - 2 scrolls of summoning
 R - 4 scrolls of fog
 V - 2 scrolls of enchant weapon
 X - a scroll of brand weapon
 Y - a scroll of fear {unknown}
Potions
 a - 2 potions of lignification
 b - 2 potions of resistance
 f - 4 potions of berserk rage
 g - 2 potions of heal wounds
 m - 8 potions of curing
 o - 5 potions of flight
 q - 4 potions of haste
 r - 5 potions of might
 s - 3 potions of brilliance
 u - 2 potions of magic
 x - a potion of invisibility
 z - 2 potions of mutation
 F - 3 potions of attraction
 N - 2 potions of cancellation
 Z - a potion of ambrosia


   Skills:
 - Level 7.0 Fighting
 - Level 10.1 Dodging
 - Level 4.3 Stealth
 - Level 5.2 Shields
 + Level 16.7 Unarmed Combat
 - Level 6.0 Spellcasting
 * Level 7.9 Transmutations
 - Level 5.4 Ice Magic
 - Level 4.0 Poison Magic


You had 15 spell levels left.
You knew the following spells:

 Your Spells              Type           Power      Damage    Failure   Level
a - Beastly Appendage     Tmut           70%        N/A       1%          1
b - Spider Form           Tmut/Pois      14%        N/A       3%          3
c - Ice Form              Ice/Tmut       31%        N/A       7%          4
d - Blink                 Tloc           N/A        N/A       17%         2

Your spell library contained the following spells:

 Spells                   Type           Power      Damage    Failure   Level
 Sting                    Tmut/Pois      100%       1d8       1%          1
 Wereblood                Tmut           35%        N/A       1%          2
 Ignite Poison            Fire/Tmut/Pois 20%        N/A       7%          3
 Animate Skeleton         Necr           10%        N/A       11%         1
 Corona                   Hex            5%         N/A       11%         1
 Magic Dart               Conj           20%        1d4       11%         1
 Pain                     Necr           20%        1d5       11%         1
 Summon Small Mammal      Summ           20%        N/A       11%         1
 Hydra Form               Tmut           17%        N/A       12%         5
 Call Imp                 Summ           5%         N/A       17%         2
 Slow                     Hex            5%         N/A       17%         2
 Mephitic Cloud           Conj/Pois/Air  10%        N/A       19%         3
 Petrify                  Tmut/Erth      20%        N/A       22%         4
 Call Canine Familiar     Summ           5%         N/A       32%         3
 Confusing Touch          Hex            5%         N/A       32%         3
 Conjure Flame            Conj/Fire      5%         6-21      32%         3
 Gell's Gravitas          Tloc           2%         N/A       32%         3
 Inner Flame              Hex/Fire       5%         N/A       32%         3
 Portal Projectile        Hex/Tloc       10%        N/A       32%         3
 Summon Guardian Golem    Hex/Summ       5%         N/A       32%         3
 Vampiric Draining        Necr           2%         2d6       32%         3
 Summon Ice Beast         Ice/Summ       16%        N/A       36%         4
 Yara's Violent Unravell  Hex/Tmut       10%        3d6       52%         5
 Metabolic Englaciation   Hex/Ice        8%         N/A       71%         5
 Animate Armour           Summ/Erth      10%        N/A       73%         4
 Animate Dead             Necr           2%         N/A       73%         4
 Cause Fear               Hex            2%         N/A       73%         4
 Leda's Liquefaction      Hex/Erth       2%         N/A       73%         4
 Summon Lightning Spire   Summ/Air       5%         N/A       73%         4
 Agony                    Necr           5%         N/A       97%         5
 Bolt of Magma            Conj/Fire/Erth 2%         4d4       97%         5
 Fireball                 Conj/Fire      2%         3d4       97%         5
 Iskenderun's Battlesphe  Conj           5%         2d6       97%         5
 Statue Form              Tmut/Erth      13%        N/A       98%         6
 Iron Shot                Conj/Erth      2%         9d2       100%        6
 Starburst                Conj/Fire      2%         8x6d3     100%        6
 Orb of Destruction       Conj           2%         9d1       100%        7
 Spellforged Servitor     Conj/Summ      2%         N/A       100%        7
 Ignition                 Fire           2%         3d3       100%        8
 Shatter                  Erth           2%         3d6*      100%        9


Dungeon Overview and Level Annotations

Branches:
Dungeon (13/15)            Temple (0/1) D:5            Lair (6/6) D:9
  Swamp (0/4) Lair:4        Snake (0/4) Lair:3        Slime (0/5) Lair:6
    Orc (2/2) D:10            Elf (0/3) Orc:2       Ossuary (visited)
 Bailey (visited)
 Vaults: D:13-14

Shops:
D:3 !   D:6 :   D:8 *   Orc:1 [[!   Orc:2 ([:[

Annotations:
Lair:2 2 transporters
Lair:3 1 runed translucent door, lupus83's ghost, journeyman DjFE
Lair:6 1 runed translucent door


Innate Abilities, Weirdness & Mutations

You are a creature of crystalline ice.
You have a powerful freezing melee attack.
You are amphibious.
Your maximum health is increased.
Your armour is entirely melded.
You are incapable of wielding weapons or throwing items.
Your attributes grow dramatically as you level up.
You have an increased reservoir of magic. (+10% MP)
You shall have no god before yourself.


Message History

The vampire knight flickers and vanishes!
Deactivating autopickup; reactivate with Ctrl-A.
The vampire knight points at you and mumbles some strange words.
You resist with almost no effort.
You hear some strange, mumbled words.
Casting: Ice Form (dangerous; 8% risk of failure)
Confirm with . or Enter, or press ? or * to list all spells.
You turn into a creature of crystalline ice.
Your +0 cloak of preservation melds into your body.
Your +0 helmet melds into your body.
Your +0 buckler of protection melds into your body.
Your +2 robe of fire resistance melds into your body.
You feel less protected.
You feel less resistant to fire.
The vampire knight hits you with a +0 long sword!!
The vampire knight bites you!
The vampire knight draws strength from your injuries!
You pummel the vampire knight!!
The vampire knight is heavily damaged.
The vampire knight casts a spell at you.
You resist with almost no effort.
You pummel the vampire knight!! You freeze the vampire knight!
You destroy the vampire knight!
No target in view!
No target in view!
No target in view!
No target in view!
No target in view!
No target in view!
No target in view!
No target in view!
You pummel something!! You freeze something. Something hits you!!!
Something bites you.
Something draws strength from your injuries!
You hit something. Something hits you! Something barely misses you.
You punch something! You freeze something. Something hits you!!
* * * LOW HITPOINT WARNING * * *
Something bites you but does no damage.
You punch something! You freeze something.
Something draws life force from you!!
You die...

#.⌠.#...# #.## #...##..# #..#
#...#...# ##.# #.###(###.##
#.# #.........## #.#
#...........# #.#
#...........# #.#
#...........########.#########
#...........)Y................
#...........########.#########
#...........# #.##
#...........# #..##
########.### ##..# #####.#
##.# #.....# #.# #.##### #.#
##'######### ###'#######


There were no monsters in sight!

Vanquished Creatures
  A vampire knight (D:13)
  The ghost of MirrMurr the Unseen, a journeyman SpEn of Gozag (Lair:4)
  Fannar (D:10)
  2 boulder beetles
  3 catoblepae (Lair:6)
  Erica (D:10)
  9 hydras
  A centaur warrior (D:13)
  5 death yaks (Lair:6)
  5 two-headed ogres
  5 orc high priests
  Sonja (Lair:4)
  Nergalle (Lair:1)
  5 orc knights
  A deep elf pyromancer (D:12)
  3 manticores
  2 orc sorcerers (Orc:1)
  6 cyclopes
  An ugly thing (D:13)
  3 black mambas
  2 moths of wrath (Lair:4)
  16 elephants
  2 gargoyles (D:11)
  A guardian serpent (Lair:3)
  Maurice (D:11)
  10 cane toads
  A torpor snail (Lair:5)
  2 kobold demonologists (D:11)
  3 unseen horrors
  2 rime drakes
  7 komodo dragons
  6 trolls
  3 polar bears
  2 tyrant leeches (Lair:4)
  3 hornets
  4 slime creatures (D:13)
  25 blink frogs
  A meliai zombie (D:10)
  A ynoxinul (D:10)
  5 spriggans (Lair:4)
  3 shadows
  A wraith (D:9)
  3 vampires
  4 wyverns
  50 yaks
  8 vampire mosquitoes
  A steam dragon (D:7)
  4 basilisks
  4 wargs
  Menkaure (D:6)
  A swamp worm (Lair:4)
  2 acid dragons
  11 water moccasins
  A sky beast (D:6)
  A hornet zombie (D:9)
  37 orc warriors
  3 black bears
  5 ogres
  12 wolves
  4 centaurs
  A kobold brigand (D:11)
  7 bullfrogs
  7 scorpions
  8 killer bees
  19 wights
  2 howler monkeys
  An electric eel (Lair:3)
  2 centaur zombies
  A hound (D:5)
  34 orc priests
  2 jellies (D:5)
  A bullfrog skeleton (D:6)
  A gnoll shaman (D:7)
  6 iguanas
  24 orc wizards
  A killer bee zombie (D:9)
  8 mummies (Ossuary)
  2 howler monkey skeletons
  3 gnolls (D:7)
  6 adders
  A shadow imp (D:6)
  3 worms (D:2)
  A dart slug (D:1)
  105 orcs
  5 endoplasms
  8 giant cockroaches
  3 gnoll zombies (Ossuary)
  9 hobgoblins
  7 jackals (D:1)
  6 ball pythons
  13 bats
  3 frilled lizards
  7 goblins
  10 kobolds
  3 kobold zombies (Ossuary)
  2 orc zombies (Ossuary)
  4 rats
636 creatures vanquished.

Vanquished Creatures (collateral kills)
  An orc priest (Orc:2)
1 creature vanquished.

Vanquished Creatures (others)
  An orc knight (Orc:2)
  3 orc warriors (Orc:2)
  An orc (Orc:2)
  54 fungi
  58 plants
117 creatures vanquished.

Grand Total: 754 creatures vanquished

Notes
Turn   | Place    | Note
-------+----------+-------------------------------------------
     0 | D:1      | Froggeryz the Demigod Transmuter began the quest for the
                  | Orb.
     0 | D:1      | Reached XP level 1. HP: 15/15 MP: 5/5
   337 | D:1      | Reached skill level 3 in Unarmed Combat
   347 | D:1      | Reached XP level 2. HP: 16/22 MP: 7/7
  1183 | D:1      | You fall into a shaft and drop 1 floor!
  1292 | D:2      | Reached XP level 3. HP: 22/27 MP: 6/8
  2575 | D:3      | Reached skill level 4 in Unarmed Combat
  2580 | D:3      | Reached XP level 4. HP: 21/34 MP: 9/9
  3820 | D:3      | Found Miurea's Distillery.
  3833 | D:3      | Bought a potion of curing for 33 gold pieces
  3833 | D:3      | Bought a potion of degeneration for 11 gold pieces
  4131 | D:4      | Noticed a spectral ugly thing
  4131 | D:4      | Noticed a titan simulacrum
  4131 | D:4      | Noticed a titan simulacrum
  4281 | D:4      | Noticed a black bear
  4298 | D:4      | Killed a black bear
  4299 | D:4      | Reached skill level 1 in Fighting
  4299 | D:4      | Reached skill level 5 in Unarmed Combat
  4299 | D:4      | Reached XP level 5. HP: 41/41 MP: 10/10
  4424 | D:4      | Found a sand-covered staircase.
  4433 | Ossuary  | Entered an ossuary
  5147 | Ossuary  | Reached XP level 6. HP: 36/48 MP: 9/11
  5318 | Ossuary  | Identified a scroll of acquirement
  5318 | Ossuary  | Acquired a ring of willpower
  5544 | D:4      | Reached skill level 6 in Unarmed Combat
  5950 | D:4      | Reached XP level 7. HP: 41/57 MP: 10/12
  6203 | D:5      | Entered Level 5 of the Dungeon
  6275 | D:5      | Learned a level 3 spell: Spider Form
  6583 | D:5      | Reached skill level 7 in Unarmed Combat
  7463 | D:5      | Found a staircase to the Ecumenical Temple.
  7515 | D:5      | Reached skill level 1 in Poison Magic
  7518 | D:5      | Reached skill level 8 in Unarmed Combat
  7518 | D:5      | Reached XP level 8. HP: 55/63 MP: 5/13
  8387 | D:6      | Noticed Menkaure
  8400 | D:6      | Killed Menkaure
  8405 | D:6      | Reached skill level 9 in Unarmed Combat
  8473 | D:6      | Noticed a troll
  8549 | D:6      | Killed a troll
  9207 | D:6      | Reached XP level 9. HP: 58/69 MP: 12/14
  9437 | D:6      | Found Xyemusy's Book Boutique.
 10214 | D:7      | Reached skill level 10 in Unarmed Combat
 10729 | D:7      | Learned a level 4 spell: Ice Form
 11081 | D:8      | Noticed an angel
 11086 | D:8      | Found Wowko's Hallowed Reliquary.
 11100 | D:8      | Reached skill level 1 in Ice Magic
 11423 | D:8      | Noticed a two-headed ogre
 11445 | D:8      | Killed a two-headed ogre
 11446 | D:8      | Reached skill level 11 in Unarmed Combat
 11600 | D:8      | Reached skill level 5 in Transmutations
 11620 | D:8      | Reached XP level 10. HP: 62/77 MP: 15/15
 13441 | D:9      | Found a staircase to the Lair.
 14305 | D:9      | Reached skill level 12 in Unarmed Combat
 14494 | D:9      | Noticed a boulder beetle
 14510 | D:9      | Killed a boulder beetle
 14774 | D:9      | Noticed a +0 dagger
 14774 | D:9      | Noticed a +0 hand axe
 14956 | D:10     | Entered Level 10 of the Dungeon
 14999 | D:10     | Found a flagged portal.
 15009 | Bailey   | Entered a bailey
 15023 | Bailey   | Noticed an orc knight
 15702 | D:10     | Reached XP level 11. HP: 29/85 MP: 17/17
 15921 | D:10     | Reached skill level 1 in Stealth
 15922 | D:10     | Identified Sif Muna's Guide on Intoxication and the Escort
 16140 | D:10     | Found a staircase to the Orcish Mines.
 16186 | D:10     | Reached skill level 5 in Ice Magic
 16201 | D:10     | Noticed Fannar
 16221 | D:10     | Killed Fannar
 16339 | D:10     | Noticed a two-headed ogre
 16356 | D:10     | Killed a two-headed ogre
 17245 | Orc:1    | Entered Level 1 of the Orcish Mines
 17256 | Orc:1    | Reached skill level 5 in Fighting
 17517 | Lair:1   | Entered Level 1 of the Lair of Beasts
 18680 | Lair:1   | Reached skill level 13 in Unarmed Combat
 19381 | Lair:1   | Noticed an eight-headed hydra
 19390 | Lair:1   | Noticed Nergalle
 19519 | Lair:1   | Killed Nergalle
 19699 | Lair:1   | Killed an eight-headed hydra
 19921 | Lair:2   | Found a transporter.
 19923 | Lair:2   | Noticed a swamp dragon
 19923 | Lair:2   | Noticed a swamp dragon
 19923 | Lair:2   | Noticed a swamp dragon
 19924 | Lair:2   | Found the +3 crown of Dyrovepreva {rElec Int+2 SInv}
 19924 | Lair:2   | Noticed a swamp dragon
 20532 | Lair:2   | HP: 3/89 [blink frog (5)]
 20963 | Lair:2   | Reached XP level 12. HP: 96/96 MP: 15/18
 21618 | Lair:2   | Found a transporter.
 22021 | Lair:3   | Found a staircase to the Snake Pit.
 22649 | Lair:3   | Reached skill level 14 in Unarmed Combat
 22985 | Lair:3   | Found a runed translucent door.
 22985 | Lair:3   | Noticed lupus83's ghost (journeyman DjFE)
 22987 | Lair:3   | Identified the +7 dire flail of Tenacity {chaos, rF+}
 23413 | Lair:3   | Reached skill level 5 in Dodging
 23742 | Lair:3   | Reached skill level 1 in Shields
 24851 | Lair:4   | Noticed Sonja
 24857 | Lair:4   | Killed Sonja
 24878 | Lair:4   | Found a transporter.
 24879 | Lair:4   | Noticed MirrMurr's ghost (journeyman SpEn)
 24898 | Lair:4   | Found a transporter.
 24911 | Lair:4   | Noticed a six-headed hydra
 24918 | Lair:4   | Killed a six-headed hydra
 25284 | Lair:4   | Noticed an eight-headed hydra
 25290 | Lair:4   | Killed an eight-headed hydra
 25555 | Lair:4   | Found a staircase to the Swamp.
 26292 | Lair:5   | Noticed a seven-headed hydra
 26303 | Lair:5   | Killed a seven-headed hydra
 26304 | Lair:5   | Reached skill level 5 in Shields
 27064 | Lair:5   | Noticed a four-headed hydra
 27104 | Lair:5   | Reached XP level 13. HP: 69/105 MP: 19/19
 27130 | Lair:6   | Entered Level 6 of the Lair of Beasts
 27246 | Lair:5   | HP: 2/105 [wolf (6)]
 28729 | Lair:6   | Reached skill level 15 in Unarmed Combat
 31918 | Lair:6   | Found a runed translucent door.
 31919 | Lair:6   | Noticed an azure jelly
 31961 | Lair:6   | Found a staircase to the Slime Pits.
 31961 | Lair:6   | Noticed an azure jelly
 31961 | Lair:6   | Noticed an azure jelly
 32683 | Lair:4   | Reached skill level 10 in Dodging
 33000 | Lair:4   | Killed MirrMurr's ghost
 33264 | Orc:2    | Entered Level 2 of the Orcish Mines
 33310 | Orc:1    | Found Hosheept's Distillery.
 33558 | Orc:2    | Learned a level 2 spell: Blink
 34169 | Orc:1    | Reached XP level 14. HP: 104/113 MP: 17/20
 34305 | Orc:1    | Bought a potion of might for 60 gold pieces
 35071 | Orc:2    | Found a staircase to the Elven Halls.
 35080 | Orc:1    | Found Watrounk's Antique Armour Shoppe.
 36454 | Orc:1    | Found Xioroc's Antique Armour Emporium.
 36604 | Orc:2    | Reached skill level 16 in Unarmed Combat
 38469 | Orc:2    | Found Neaduam's Antique Weapon Shoppe.
 38472 | Orc:2    | Found Naumim's Armour Shoppe.
 38475 | Orc:2    | Found Jeppy's Book Emporium.
 38476 | Orc:2    | Found Ricsamp's Armour Shoppe.
 38929 | D:11     | Reached skill level 5 in Spellcasting
 39533 | D:11     | Noticed Maurice
 39550 | D:11     | Killed Maurice
 39992 | D:11     | Noticed Erica
 40558 | D:10     | Killed Erica
 42648 | D:13     | Found the +8 Vampire's Tooth {vamp}
 42662 | D:13     | Killed from afar by a vampire knight

Illustrated notes

Levels and vault maps discovered:
D:1:      eino_arrival_cavern_b, layout_basic, shapermc_ecumenical_altar_venn
D:2:      layout_basic
D:3:      layout_rooms, nicolae_overflow_hidden_temple,
          chequers_temple_overflow_statue_of_worship, serial_shops, shop
D:4:      old_forge, layout_cave_pods, regret_index_temple_of_mockery,
          enter_ossuary_1
D:5:      layout_basic, temple_statues
D:6:      layout_cave_pods, serial_shops, nicolae_shop_behind_doors,
          uniq_menkaure
D:7:      layout_cave_pools, grunt_decor_cap, minmay_misc_feat_tiny
D:8:      layout_layer_cave, jmf_multi_god_temple, nicolae_good_shop
D:9:      lemuel_ice_spiral_2, layout_basic, dancing_weapons_uskayaw,
          lemuel_crystal_altar, david_lair_generic, kennysheep_generic_room_16
D:10:     layout_basic, nzn_overflow_gifts_of_might_and_magic, erik_orc_4,
          enter_bailey_3, lemuel_flamethrower_1, uniq_fannar
D:11:     layout_rooms, minmay_misc_feat_iff, uniq_maurice, uniq_erica
D:12:     layout_basic
D:13:     layout_roguey, minmay_guarded_unrand_vampires_tooth
Lair:1:   layout_long_grid, wad_woods_road_03, st_stairs_3, serial_bayou_pond_d,
          uniq_nergalle
Lair:2:   gammafunk_cloud_chamber, layout_regular_city
Lair:3:   layout_regular_city, minmay_snake_entry_spellcaster,
          ebering_ghost_xom, serial_bayou_lagoon_a, grunt_megastairs_2
Lair:4:   layout_long_grid, minmay_swamp_entry_worms,
          gammafunk_ghost_wrathful_warriors, infiniplex_staircase_pool_2,
          serial_bayou_shore_b, uniq_sonja
Lair:5:   layout_hall_layers, serial_bayou_shore_b
Lair:6:   evilmike_catoblepas_cave, layout_layer_cave, slime_altar_2
Orc:1:    layout_caves, serial_shops, nicolae_shop_window_shopping,
          nicolae_shop_overgrown_old_shop, nicolae_shop_statue_plus,
          kennysheep_orc_chapel
Orc:2:    st_orc_pillars, layout_diamond_mine, basic_altar, mines2_david

Skill      XL: |  1  2  3  4  5  6  7  8  9 10 11 12 13 14 |
---------------+-------------------------------------------+-----
Unarmed Combat | 3 4 5 6 8 9 11 12 13 14 15 16 | 16.7
Transmutations | 2 3 5 6 7 |  7.9
Fighting       | 1 2 3 4 6 7 |  7.0
Dodging        | 2 3 5 10 | 10.1
Poison Magic   | 1 4 |  4.0
Ice Magic      | 2 4 5 |  5.4
Stealth        | 4 |  4.3
Shields        | 5 |  5.2
Spellcasting   | 2 6 |  6.0

Action                   |  1- 3 |  4- 6 |  7- 9 | 10-12 | 13-15 || total
-------------------------+-------+-------+-------+-------+-------++-------
Melee: Unarmed           |   139 |   172 |   251 |   674 |   806 ||  2042
       Kick              |    12 |    34 |     1 |       |       ||    47
       Headbutt          |     9 |    18 |     1 |       |       ||    28
       Punch             |       |     2 |       |     2 |       ||     4
 Fire: Hunting sling     |    33 |    27 |     7 |       |       ||    67
 Cast: Beastly Appendage |    13 |    22 |     3 |       |       ||    38
       Spider Form       |       |       |    34 |    55 |    41 ||   130
       Ice Form          |       |       |       |    36 |    31 ||    67
       Blink             |       |       |       |       |     1 ||     1
Evoke: Wand              |       |     5 |     9 |    28 |     8 ||    50
  Use: Scroll            |     2 |     4 |    10 |     2 |    10 ||    28
       Potion            |     1 |     2 |     5 |     2 |     5 ||    15
 Stab: Sleeping          |     1 |       |       |     7 |     8 ||    16
       Distracted        |       |       |     1 |       |     5 ||     6
       Paralysed         |       |       |       |     3 |       ||     3
Armor: Robe              |    19 |    32 |     4 |     3 |    25 ||    83
       Skin              |       |       |     8 |    33 |    35 ||    76
Dodge: Dodged            |    86 |   123 |   185 |   419 |   642 ||  1455
Block: Buckler           |       |       |       |     2 |    38 ||    40

Table legend: (Time is in decaauts)
 A = Elapsed time spent in this place.
 B = Non-inter-level travel time spent in this place.
 C = Inter-level travel time spent in this place.
 D = Time resting spent in this place.
 E = Time spent auto-exploring this place.
 F = Levels seen in this place.
 G = Mean time per level.
                   A        B        C        D        E       F      G
               +--------+--------+--------+--------+--------+-----+--------+
         Total |  42268 |  41297 |    971 |  16946 |  18697 |  23 | 1837.7 |
       Dungeon |  21238 |  20690 |    548 |   7856 |  10134 |  13 | 1633.7 |
          Lair |  14935 |  14642 |    293 |   6244 |   6630 |   6 | 2489.2 |
  Orcish Mines |   5176 |   5046 |    130 |   2621 |   1412 |   2 | 2588.0 |
       Ossuary |    902 |    902 |      0 |    224 |    520 |   1 |  902.0 |
        Bailey |     15 |     15 |      0 |      0 |      0 |   1 |   15.0 |
               +--------+--------+--------+--------+--------+-----+--------+

Top non-repeatable levels by time:
  Lair:6: 3468 daAuts
    D:10: 3460 daAuts
   Orc:2: 2933 daAuts
  Lair:4: 2838 daAuts
     D:9: 2570 daAuts
  Lair:1: 2486 daAuts
   Orc:1: 2243 daAuts
  Lair:2: 2227 daAuts
  Lair:5: 2105 daAuts
     D:6: 2049 daAuts
     D:5: 1841 daAuts
  Lair:3: 1808 daAuts
     D:8: 1690 daAuts
     D:1: 1649 daAuts
     D:4: 1288 daAuts
